 Dungeon Crawl Stone Soup version 0.31.0-11-ge490571c62 (webtiles) character file.

Game seed: 1582679581711055702

190 hawla the Vexing (level 5, -2/24 HPs)
             Began as a Felid Enchanter on Jan 31, 2024.
             Shot with a sling bullet by a goblin (3 damage)
             ... led by Robin
             ... on level 3 of the Dungeon.
             The game lasted 00:08:09 (2001 turns).

hawla the Vexing (Felid Enchanter)                  Turns: 2001, Time: 00:08:10

Health: -2/24      AC:  1    Str:  6    XL:     5   Next: 41%
Magic:  4/10       EV: 18    Int: 24    God:
Gold:   78         SH:  0    Dex: 17    Spells: 5/10 levels left
                                        Lives:  0   Deaths: 2

rFire   . .          .
                       - Unarmed
rCold   . . .        (shield unavailable)
rNeg    . . .        (body armour unavailable)
rPois   .            (helmet unavailable)
rElec   .            (cloak unavailable)
rCorr   .            (gloves unavailable)
SInv    +            (boots unavailable)
Will    .....        (no amulet)
Stlth   +++          b - +6 ring of intelligence
HPRegen 0.24/turn    (no ring)
MPRegen 0.12/turn

%: no passive effects
@: invisible
A: very small, claws 1, fangs 3, see invisible, shaggy fur 1, stealthy paws, no
weapons or thrown items, no armour, multi-lived
a: no special abilities


You were on level 3 of the Dungeon.
You visited 1 branch of the dungeon, and saw 3 of its levels.

You collected 78 gold pieces.

Inventory:

Jewellery
 b - a +6 ring of intelligence (left paw)
Talismans
 e - a flux talisman
 g - a maw talisman
Scrolls
 h - 2 scrolls of immolation


   Skills:
 + Level 3.9 Dodging
 - Level 4.0 Stealth
 - Level 4.0 Unarmed Combat
 - Level 3.0 Spellcasting
 - Level 4.4 Hexes
 - Level 1.0 Ice Magic


You had 5 spell levels left.
You knew the following spells:

 Your Spells              Type           Power      Damage    Failure   Level
a - Ensorcelled Hibernat  Hex/Ice        32%        N/A       5%          2
b - Dazzling Flash        Conj/Hex       28%        N/A       13%         3

Your spell library contained the following spells:

 Spells                   Type           Power      Damage    Failure   Level
 Confusing Touch          Hex            24%        N/A       5%          3
 Tukima's Dance           Hex            24%        N/A       5%          3
 Necrotise                Necr           12%        1d4       11%         1
 Vampiric Draining        Necr           3%         2d6       32%         3
 Martyr's Knell           Necr/Summ      3%         N/A       71%         4
 Curse of Agony           Necr           3%         N/A       96%         5


Dungeon Overview and Level Annotations

Branches:
Dungeon (3/15)

Altars:

Annotations:
D:3 Robin


Innate Abilities, Weirdness & Mutations

You have sharp claws.
You have razor-sharp teeth.
You have supernaturally acute eyesight. (SInv)
You are covered in fur. (AC +1)
Your paws help you pounce on unaware monsters.
You are incapable of wielding weapons or throwing items.
You cannot wear armour.
You gain extra lives every three experience levels.


Message History

You see here a scroll of identify.
Robin attacks as they pursue you! Robin hits you with a +0 whip.
* * * LOW HITPOINT WARNING * * *
The goblin closely misses you.
Casting: Dazzling Flash (quite dangerous; 13% risk of failure)
Confirm with . or Enter, or press ? or * to list all spells.
Casting: Dazzling Flash (quite dangerous; 13% risk of failure)
Press: ? - help, Dir - look around, f - activate You miscast Dazzling Flash.
You are very lightly contaminated with residual magic.
Nothing appears to happen.
Robin throws the goblin at you!
Casting: Dazzling Flash (quite dangerous; 13% risk of failure)
Confirm with . or Enter, or press ? or * to list all spells.
Casting: Dazzling Flash (quite dangerous; 13% risk of failure)
Press: ? - help, Dir - look around, f - activate The goblin is dazzled. x2; The goblin closely misses you.
Robin closely misses you. The goblin completely misses you.
The goblin closely misses you. Robin throws the goblin at you!
The goblin barely misses you. The goblin attacks as it pursues you!
The goblin completely misses you. The goblin completely misses you.
The goblin is no longer blind.
The goblin misses you.
The goblin no longer looks unusually strong. x2
The frilled lizard unfolds its giant frill.
Found a potion of curing.
The goblin attacks as it pursues you! The goblin closely misses you.
Robin throws the goblin at you!
* * * LOW HITPOINT WARNING * * *
The goblin closely misses you.
Your magical contamination has completely faded away.
The goblin no longer looks unusually strong.
The goblin attacks as it pursues you! The goblin closely misses you.
The goblin hits you with a +0 club.
* * * LOW HITPOINT WARNING * * *
You fade into invisibility!
The goblin no longer looks unusually strong.
The goblin misses you.
The goblin unwields a +0 dagger.
The goblin wields a +1 antimagic sling.
The goblin shoots a sling bullet.
The sling bullet barely misses the goblin. x2
The sling bullet hits you.
You die...

.#########
#########
....!..@g#
#.......#
########g##
#.......# #gg#
#..†.....
##.######.......#
#gg...##.......#
#ggl)..'.......#
#....###.......#
#g...# #.......#
#..?.# ##.######


You could see Robin (unable to see you), 7 goblins and a frilled lizard (unable
to see you).

Vanquished Creatures
  A bombardier beetle (D:2)
  Jessica (D:2)
  5 adders
  5 ribbon worms (D:2)
  2 dart slugs
  7 bats
  7 endoplasms
  6 giant cockroaches
  5 hobgoblins
  2 jackals (D:1)
  5 kobolds
  A quokka (D:2)
  5 ball pythons
  4 frilled lizards
  5 goblins
  4 rats
65 creatures vanquished.

Notes
Turn   | Place    | Note
-------+----------+-------------------------------------------
     0 | D:1      | hawla the Felid Enchanter began the quest for the Orb.
     0 | D:1      | Reached XP level 1. HP: 9/9 MP: 4/4
   163 | D:1      | Reached XP level 2. HP: 13/13 MP: 6/6
   166 | D:1      | Learned a level 2 spell: Ensorcelled Hibernation
   749 | D:2      | Noticed Jessica
   753 | D:2      | Reached XP level 3. HP: 9/16 MP: 7/7
   827 | D:2      | Slain by an endoplasm
   827 | D:2      | Lost a life (0 lives remaining)
   845 | D:2      | Killed Jessica
   846 | D:2      | Reached skill level 1 in Ice Magic
   846 | D:2      | Reached XP level 4. HP: 21/21 MP: 8/8
   846 | D:2      | Gained a life (1 life remaining)
  1339 | D:2      | Reached XP level 5. HP: 17/24 MP: 7/10
  1346 | D:2      | Succumbed to an adder's poison
  1346 | D:2      | Lost a life (0 lives remaining)
  1347 | D:2      | Identified a scroll of acquirement
  1347 | D:2      | Acquired a +6 ring of intelligence
  1853 | D:3      | Learned a level 3 spell: Dazzling Flash
  1985 | D:3      | Noticed Robin
  2000 | D:3      | HP: 1/24 [goblin/+0 club[Robin] (5)]
  2001 | D:3      | Shot with a sling bullet by a goblin

Illustrated notes

Levels and vault maps discovered:
D:1:      lightli_arrival_farm, layout_loops_ring
D:2:      layout_basic, minmay_vboxes, uniq_jessica
D:3:      layout_basic, minmay_misc_feat_iff, uniq_robin

Skill      XL: |  1  2  3  4  5 |
---------------+----------------+-----
Unarmed Combat | 2 3 4 |  4.0
Ice Magic      | 1 |  1.0
Spellcasting   | 3 |  3.0
Dodging        | 3 |  3.9
Stealth        | |  4.0
Hexes          | |  4.4

Action                     |  1- 3 |  4- 6 || total
---------------------------+-------+-------++-------
  Melee: Unarmed           |    98 |   107 ||   205
         Bite              |    12 |    10 ||    22
         Punch             |     2 |     1 ||     3
   Cast: Ensorcelled Hiber |     3 |     8 ||    11
         Dazzling Flash    |       |     4 ||     4
    Use: Potion            |     4 |     6 ||    10
         Scroll            |     1 |     4 ||     5
   Stab: Sleeping          |     8 |     7 ||    15
         Invisible         |       |     1 ||     1
 Armour: Skin              |    20 |    45 ||    65
  Dodge: Dodged            |    85 |    88 ||   173
